 Dungeon Crawl Stone Soup version 0.30.1-9-gdf580d7c3d (webtiles) character file.

Game seed: 3565006839083321098

12 lonewolfV2 the Chopper (level 2, -8/27 HPs)
             Began as a Minotaur Berserker on Oct 13, 2023.
             Was a Follower of Trog.
             Mangled by a gnoll
             ... wielding a +0 flail
              (9 damage)
             ... on level 1 of the Dungeon.
             The game lasted 00:01:55 (355 turns).

lonewolfV2 the Chopper (Minotaur Berserker)          Turns: 355, Time: 00:01:57

Health: -8/27      AC:  2    Str: 21    XL:     2   Next: 20%
Magic:  1/1        EV: 12    Int:  4    God:    Trog [*.....]
Gold:   12         SH:  0    Dex:  9    Spells: 1/1 levels left

rFire   . . .        a - +0 hand axe
rCold   . . .        (no shield)
rNeg    . . .        b - +0 animal skin
rPois   .            (helmet restricted)
rElec   .            (no cloak)
rCorr   .            (no gloves)
SInv    .            (no boots)
Will    .....        (no amulet)
Stlth   +            (no ring)
HPRegen 0.24/turn    (no ring)
MPRegen 0.07/turn

%: no passive effects
@: no status effects
A: horns 2, retaliatory headbutt
a: Renounce Religion, Berserk


You were on level 1 of the Dungeon.
You worshipped Trog.
Trog was aware of your devotion.
You visited 1 branch of the dungeon, and saw 1 of its levels.

You collected 12 gold pieces.

Inventory:

Hand Weapons
 a - a +0 hand axe (weapon)
Armour
 b - a +0 animal skin (worn)
Scrolls
 c - 2 scrolls of blinking {unknown}
 d - a scroll of noise {unknown}
Potions
 e - a potion of flight {unknown}


   Skills:
 + Level 4.0 Fighting
 + Level 4.0 Axes
 + Level 2.5 Armour
 + Level 2.3 Dodging


You had one spell level left.
You didn't know any spells.
Your spell library was empty.

Dungeon Overview and Level Annotations

Branches:
Dungeon (1/15)

Altars:


Innate Abilities, Weirdness & Mutations

You have a pair of horns on your head.
You reflexively headbutt those who attack you in melee.


Message History

There is an open door here.
You open the door.
There is an open door here.
A bat comes into view.
A bat is nearby!
A bat is nearby!
The bat closely misses you.
Found 10 gold pieces.
You hit the bat.
You kill the bat!
Trog accepts your kill.
A gnoll and a bat come into view.
The gnoll shouts!
You hear a shout!
The bat moves out of view.
A gnoll is nearby!
A gnoll is nearby!
A gnoll is nearby!
The gnoll hits you with a +0 flail.
You see here 10 gold pieces.
You miss the bat. You closely miss the gnoll. The bat hits you.
The gnoll closely misses you.
You barely miss the bat. You hit the gnoll.
The bat hits you but does no damage. x2; The gnoll hits you with a +0 flail!
The bat misses you.
Unknown command.
You completely miss the bat. You barely miss the gnoll.
The bat hits you but does no damage. The gnoll hits you with a +0 flail!
* * * LOW HITPOINT WARNING * * *
A hobgoblin comes into view.
A quokka comes into view.
The bat hits you but does no damage. The gnoll hits you with a +0 flail.
* * * LOW HITPOINT WARNING * * *
The bat hits you but does no damage.
The quokka moves out of view.
You hit the gnoll.
The gnoll is moderately wounded.
You hit the bat.
You kill the bat!
Trog accepts your kill. The gnoll hits you with a +0 flail!
You die...

# ... .. # ##.# .#
##+# .#.# .# ...# .#.#
.# ...# ##.#.# .# >..#
+.##.## ##.##
...###.#...#####...###
...#.#...#.....$@#...#
####.#.#...#####g..#.#
+....'.##.## ##g##
####.#.##..# ...
...'.#.###... ....
##.#+#+#####.. ......
#......... ... ...###
#......... .. ....
.......... .#


You could see a gnoll and a hobgoblin.

Vanquished Creatures
  A dart slug (D:1)
  An endoplasm (D:1)
  A hobgoblin (D:1)
  2 kobolds (D:1)
  2 quokkas (D:1)
  2 bats (D:1)
  A goblin (D:1)
10 creatures vanquished.

Notes
Turn   | Place    | Note
-------+----------+-------------------------------------------
     0 | D:1      | lonewolfV2 the Minotaur Berserker began the quest for the
                  | Orb.
     0 | D:1      | Reached XP level 1. HP: 19/19 MP: 0/0
   167 | D:1      | Found a faded altar of an unknown god.
   218 | D:1      | Reached XP level 2. HP: 24/27 MP: 1/1
   354 | D:1      | HP: 1/27 [gnoll/+0 flail (4)]
   355 | D:1      | Mangled by a gnoll

Illustrated notes

Levels and vault maps discovered:
D:1:      shiori_arrival_maze, layout_basic, chequers_ecumenical_altar_grove,
          minmay_misc_feat_tower, minmay_misc_feat_encased

Skill      XL: |  1  2 |
---------------+-------+-----
Axes           | 4 |  4.0
Fighting       | 4 |  4.0
Armour         | |  2.5
Dodging        | |  2.3

Action                     || total
---------------------------++-------
  Melee: Hand axe          ||    27
         Headbutt          ||     4
 Armour: Animal skin       ||     8
  Dodge: Dodged            ||    20
